 Dungeon Crawl Stone Soup version 0.29-a0-418-gc0181ea820 (webtiles) character file.

Game seed: 7854914274850384617

961 101zpm the Magician (level 8, -2/50 HPs)
             Began as a Djinni Fire Elementalist on May 17, 2022.
             Was an Initiate of Makhleb.
             Slain by a wight
             ... wielding a +4 mace
              (6 damage)
             ... on level 7 of the Dungeon.
             The game lasted 00:10:28 (6998 turns).

101zpm the Magician (Djinni Fire Elementalist)      Turns: 6998, Time: 00:10:29

Health: -2/50      AC:  7    Str: 12    XL:     8   Next: 37%
Gold:   503        EV: 13    Int: 19    God:    Makhleb [......] SH:  0 Dex: 14

rFire   + + +      SeeInvis .   g - +6 dagger of the Oracle {flame, Fragile Str+5}
rCold   x . .      Faith    .   (no shield)
rNeg    . . .      Spirit   .   a - +0 robe
rPois   ∞          Reflect  .   A - +1 hat
rElec   .          Harm     .   b - scarf {repulsion}
rCorr   .          Rampage  .   (no gloves)
Will    .....                   (boots unavailable)
Stlth   ++........              (no amulet)
HPRegen 0.16/turn               v - +4 ring of protection
MPRegen 0.00/turn               o - ring of protection from fire

@: flying, repel missiles
A: sickness immunity, fire resistance 2, cold vulnerability 1, float, innate
caster, HP casting, extra vitality 1
a: Renounce Religion


You were on level 7 of the Dungeon.
You worshipped Makhleb.
Makhleb was noncommittal.
You visited 2 branches of the dungeon, and saw 8 of its levels.

You collected 503 gold pieces.

Inventory:

Hand Weapons
 g - the +6 dagger of the Oracle (weapon) {flame, Fragile Str+5}
   (You found it on level 2 of the Dungeon)

   It burns those it strikes, dealing additional fire damage.
   Str:       It affects your strength (+5).
   Fragile:   It will be destroyed if unequipped.
Armour
 a - a +0 robe (worn)
 b - a scarf of repulsion (worn)
 l - a +0 helmet
 A - a +1 hat (worn)
Jewellery
 e - a +6 ring of intelligence
 o - a ring of protection from fire (right hand)
 v - a +4 ring of protection (left hand)
Wands
 i - a wand of paralysis (11)
 w - a wand of polymorph (2)
 x - a wand of digging (1)
 y - a wand of flame (13)
Scrolls
 c - a scroll of poison {unknown}
 d - 3 scrolls of enchant armour {unknown}
 j - a scroll of immolation {unknown}
 k - a scroll of fog {unknown}
 m - 4 scrolls of teleportation {unknown}
 n - a scroll of blinking {unknown}
 p - a scroll of fear {unknown}
 r - a scroll of amnesia {unknown}
 s - a scroll of vulnerability {unknown}
 t - a scroll of identify {unknown}
 z - a scroll of enchant weapon {unknown}
Potions
 f - a potion of lignification {unknown}
 h - 3 potions of attraction {unknown}
 q - a potion of invisibility {unknown}
 u - a potion of degeneration {unknown}


   Skills:
 + Level 0.1 Fighting
 + Level 3.2 Dodging
 + Level 2.8 Stealth
 + Level 6.9 Spellcasting


You had 2 spell levels left.
You knew the following spells:

 Your Spells              Type           Power      Damage    Failure   Level
a - Foxfire               Conj/Fire      100%       2x1d9     1%          1
b - Scorch                Fire           66%        2d8       1%          2
c - Conjure Flame         Conj/Fire      33%        6-21      1%          3
d - Inner Flame           Hex/Fire       33%        N/A       1%          3
e - Flame Wave            Conj/Fire      33%        2d8       6%          4
f - Freeze                Ice            100%       1d11      1%          1
g - Blink                 Tloc           66%        N/A       1%          2
h - Passwall              Tmut/Erth      27%        N/A       1%          2
Your spell library was empty.

Dungeon Overview and Level Annotations

Branches:
Dungeon (7/15)             Temple (1/1) D:4

Altars:
Ashenzari
Cheibriados
Elyvilon
Fedhas
Gozag
Hepliaklqana
Kikubaaqudgha
Makhleb
Nemelex Xobeh
Okawaru
Qazlal
Ru
Sif Muna
Trog
Uskayaw
Vehumet
Wu Jian
Xom
Yredelemnul
Zin
The Shining One

Shops:
D:5 =

Annotations:
D:6 Eustachio


Innate Abilities, Weirdness & Mutations

You are immune to sickness and miasma.
You are immune to poison.
Your flesh is very heat resistant. (rF++)
You are vulnerable to cold. (rC-)
You float through the air rather than walking.
You learn spells naturally, not from books.
Your magical power is your life essence.
You have superior vitality. (+4 MHP)


Message History

The ufetubus hits you but does no damage.
The ufetubus hits you.
* * * LOW HITPOINT WARNING * * *
The ufetubus attacks as you move away!
The ufetubus hits you but does no damage.
The ufetubus barely misses you. The ufetubus attacks as you move away!
The ufetubus barely misses you.
The ufetubus hits you but does no damage.
The ufetubus barely misses you. The ufetubus completely misses you.
The ufetubus hits you.
* * * LOW HITPOINT WARNING * * *
The ufetubus hits you.
* * * LOW HITPOINT WARNING * * *
The ufetubus disappears in a puff of smoke!
The bat misses you.
There is an escape hatch in the floor here.
The bat hits you.
* * * LOW HITPOINT WARNING * * *
You fly downwards.
The hatch slams shut behind you.
The gnoll shouts! x2; You hear a shout!
You hear an angry growl.
The gnoll shouts!
You hear a bark!
You see here a +0 hand axe.
A black bear comes into view.
Found 2 metallic red potions.
The gnoll shouts!
The steam dragon hisses angrily.
The gnoll barely misses you.
The gnoll shaman calls upon its god to speed up something.
Casting: Foxfire (safe; 1% risk of failure)
Confirm with . or Enter, or press ? or * to list all spells.
Okay, then.
You see here 2 metallic red potions. 2 wights come into view.
Found a leather armour.
Found a stone staircase leading up.
You see here a +0 leather armour.
A hound comes into view.
The wight misses you.
The wight hits you from afar with a +2 spear.
* * * LOW HITPOINT WARNING * * *
The wight attacks as you move away! The wight hits you with a +4 mace.
You die...

....g.g.g.....# #
.......)#.##### .#
......g.#h# .#
.......##g# ##.#
........g.####...#..
......h....[.......#
####....gz##...####
.......#.z.###
#......#@###
#......#.#
.........#
..<...#### ...#


You could see a black bear, a gnoll shaman, 2 wights and 2 gnolls.

Vanquished Creatures
  An ice beast (D:5)
  A black bear (D:4)
  An ogre (D:4)
  A bullfrog (D:3)
  A gnoll sergeant (D:6)
  2 scorpions
  A howler monkey (D:6)
  2 jellies (D:6)
  3 hounds
  An orc priest (D:4)
  An orc wizard (D:4)
  An iguana (D:5)
  5 adders
  5 gnolls (D:6)
  An ufetubus (D:5)
  5 dart slugs
  6 orcs
  5 endoplasms
  5 giant cockroaches
  5 goblins
  5 hobgoblins
  7 jackals
  2 kobolds
  2 quokkas
  3 ball pythons
  3 bats
  A frilled lizard (D:1)
  3 rats
79 creatures vanquished.

Vanquished Creatures (others)
  370 foxfires
370 creatures vanquished.

Grand Total: 449 creatures vanquished

Notes
Turn   | Place    | Note
-------+----------+-------------------------------------------
     0 | D:1      | 101zpm the Djinni Fire Elementalist began the quest for the
                  | Orb.
     0 | D:1      | Reached XP level 1. HP: 15/15 MP: 0/0
   471 | D:1      | Reached XP level 2. HP: 16/21 MP: 0/0
  1009 | D:1      | Reached skill level 3 in Spellcasting
  1015 | D:1      | Reached XP level 3. HP: 3/25 MP: 0/0
  1015 | D:1      | Learned a level 1 spell: Freeze
  2335 | D:2      | Reached XP level 4. HP: 24/31 MP: 0/0
  2412 | D:2      | Identified the +6 dagger of the Oracle {flame, Fragile
                  | Str+5}
  3117 | D:3      | Noticed a bullfrog
  3123 | D:3      | Killed a bullfrog
  3124 | D:3      | Reached skill level 4 in Spellcasting
  3124 | D:3      | Reached XP level 5. HP: 12/35 MP: 0/0
  3124 | D:3      | Learned a level 2 spell: Blink
  3471 | D:4      | Reached XP level 6. HP: 27/40 MP: 0/0
  3703 | D:4      | Noticed a black bear
  3706 | D:4      | Killed a black bear
  3707 | D:4      | Reached skill level 5 in Spellcasting
  3708 | D:4      | Noticed an ogre
  3711 | D:4      | Killed an ogre
  3712 | D:4      | Reached XP level 7. HP: 26/45 MP: 0/0
  3712 | D:4      | Learned a level 2 spell: Passwall
  4327 | D:4      | Found a staircase to the Ecumenical Temple.
  5017 | Temple   | Entered the Ecumenical Temple
  5317 | Temple   | Became a worshipper of Makhleb the Destroyer
  5400 | D:5      | Entered Level 5 of the Dungeon
  5632 | D:5      | HP: 1/45 [ice beast (13)]
  5634 | D:5      | Reached skill level 6 in Spellcasting
  6195 | D:5      | Found Ykared's Jewellery Boutique.
  6601 | D:6      | Reached XP level 8. HP: 45/50 MP: 0/0
  6950 | D:6      | Noticed Eustachio
  6998 | D:7      | Slain by a wight

Illustrated notes

Levels and vault maps discovered:
D:1:      dpeg_arrival_chambers_temple_mockup, layout_basic
D:2:      layout_basic, dreamdust_ecumenical_altar_drowned_temple
D:3:      layout_loops_ring
D:4:      minmay_spotlight, layout_cave_pods, lemuel_temple_firewalk_b,
          nicolae_elevator_lobby_asterisk
D:5:      layout_basic, serial_shops, kennysheep_mini
D:6:      layout_loops_ring, portal_sewer_entry_d, uniq_eustachio, uniq_duvessa
D:7:      layout_rooms, minmay_puff
Temple:   roderic_octagonal_lattice_temple

Skill      XL: |  1  2  3  4  5  6  7 |
---------------+----------------------+-----
Spellcasting   | 3 4 5 6 |  6.9
Stealth        | 2 |  2.8
Dodging        | 3 |  3.2
Fighting       | |  0.1

Action                   |  1- 3 |  4- 6 |  7- 9 || total
-------------------------+-------+-------+-------++-------
 Cast: Foxfire           |    90 |    57 |    92 ||   239
       Scorch            |     4 |    17 |    10 ||    31
       Freeze            |     2 |       |       ||     2
       Inner Flame       |       |     3 |    15 ||    18
Armor: Robe              |     3 |       |    10 ||    13
Dodge: Dodged            |     9 |     8 |    22 ||    39
       Repelled          |     1 |       |       ||     1

Table legend: (Time is in decaauts)
 A = Elapsed time spent in this place.
 B = Non-inter-level travel time spent in this place.
 C = Inter-level travel time spent in this place.
 D = Time resting spent in this place.
 E = Time spent auto-exploring this place.
 F = Levels seen in this place.
 G = Mean time per level.
                   A        B        C        D        E       F      G
               +--------+--------+--------+--------+--------+-----+--------+
         Total |   6994 |   6838 |    156 |    217 |   6014 |   8 |  874.2 |
       Dungeon |   6669 |   6553 |    116 |    217 |   5757 |   7 |  952.7 |
        Temple |    324 |    284 |     40 |      0 |    257 |   1 |  324.0 |
               +--------+--------+--------+--------+--------+-----+--------+

Top non-repeatable levels by time:
     D:1: 2021 daAuts
     D:4: 1648 daAuts
     D:5: 1146 daAuts
     D:3: 880 daAuts
     D:2: 523 daAuts
     D:6: 438 daAuts
  Temple: 324 daAuts
     D:7: 10 daAuts
